 Dungeon Crawl Stone Soup version 0.28.0-45-g0d030f2227 (webtiles) character file.

Game seed: 3635173938141899407

21 pkoi the Conjurer (level 2, -7/20 HPs)
             Began as a Demigod Conjurer on Apr 22, 2022.
             Mangled by an iguana (13 damage)
             ... on level 2 of the Dungeon.
             The game lasted 00:01:57 (1813 turns).

pkoi the Conjurer (Demigod Conjurer)                Turns: 1813, Time: 00:01:58

Health: -7/20      AC:  3    Str:  8    XL:     2   Next: 48%
Magic:  1/7        EV: 12    Int: 26    God:
Gold:   72         SH:  0    Dex: 12    Spells: 1/4 levels left

rFire   . . .      SeeInvis .   b - +0 trident
rCold   . . .      Faith    .   (no shield)
rNeg    . . .      Spirit   .   a - +0 robe
rPois   .          Reflect  .   e - +0 helmet
rElec   .          Harm     .   (no cloak)
rCorr   .          Rampage  .   (no gloves)
Will    .....                   (no boots)
Stlth   ++........              (no amulet)
HPRegen 0.06/turn               d - +6 ring of intelligence
MPRegen 0.10/turn               (no ring)

@: no status effects
A: high MP 1, forlorn, divine attributes
a: no special abilities


You were on level 2 of the Dungeon.
You visited 1 branch of the dungeon, and saw 2 of its levels.

You collected 72 gold pieces.

Inventory:

Hand Weapons
 b - a +0 trident (weapon)
Armour
 a - a +0 robe (worn)
 e - a +0 helmet (worn)
Jewellery
 d - a +6 ring of intelligence (left hand)


   Skills:
 - Level 1.7 Dodging
 - Level 1.7 Stealth
 - Level 1.7 Spellcasting
 + Level 4.4 Conjurations


You had one spell level left.
You knew the following spells:

 Your Spells              Type           Power      Damage    Failure   Level
a - Magic Dart            Conj           100%       1d8       1%          1
b - Searing Ray           Conj           50%        2d6       2%          2

Your spell library contained the following spells:

 Spells                   Type           Power      Damage    Failure   Level
 Apportation              Tloc           4%         N/A       11%         1
 Summon Small Mammal      Summ           8%         N/A       11%         1
 Dazzling Flash           Conj/Hex       26%        N/A       13%         3
 Call Canine Familiar     Summ           2%         N/A       32%         3
 Summon Guardian Golem    Hex/Summ       2%         N/A       32%         3
 Fulminant Prism          Conj/Hex       6%         3d7       41%         4
 Iskenderun's Mystic Bla  Conj/Tloc      13%        2d5       41%         4
 Alistair's Intoxication  Tmut/Pois      1%         N/A       96%         5


Dungeon Overview and Level Annotations

Branches:
Dungeon (2/15)

Annotations:
D:2 Terence


Innate Abilities, Weirdness & Mutations

You have an increased reservoir of magic. (+10% MP)
You shall have no god before yourself.
Your divine heritage dramatically boosts your attributes as you level up.


Message History

You aren't carrying any items that you can evoke.
It was a potion of curing.
You feel better. The iguana bites you.
* * * LOW HITPOINT WARNING * * *
As you read the scroll labelled ULEYZI VIEGGA, it crumbles to dust.
The scroll dissolves into smoke.
It was a scroll of fog.
The iguana bites you but does no damage.
As you read the scroll labelled PONWAKHL WUPI, it crumbles to dust.
It is a scroll of identify.
You don't have any unidentified items.
The iguana barely misses you. The iguana bites you.
* * * LOW HITPOINT WARNING * * *
There is a stone staircase leading up here.
Casting: Searing Ray (safe; 2% risk of failure)
Confirm with . or Enter, or press ? or * to list all spells.
Aiming: Searing Ray (safe; 2% risk of failure)
Press: ? - help, Shift-Dir - straight line, f/p - iguana
Aim: an iguana (severely wounded, 82% to hit)
The searing ray hits the iguana but does no damage.
The iguana is severely wounded. (Press . to maintain the ray.)
The iguana closely misses you.
The searing ray hits the iguana but does no damage.
The iguana is severely wounded.
The iguana completely misses you.
There is a stone staircase leading up here.
Aiming: Magic Dart (safe; 1% risk of failure)
Press: ? - help, Q - select action, (/) - cycle Shift-Dir - straight line, f/p - iguana
Aim: an iguana (severely wounded, 100% to hit)
The magic dart hits the iguana but does no damage.
The iguana is severely wounded.
The iguana barely misses you.
Aiming: Magic Dart (safe; 1% risk of failure)
Press: ? - help, Q - select action, (/) - cycle Shift-Dir - straight line, f/p - iguana
Aim: an iguana (severely wounded, 100% to hit)
The magic dart hits the iguana.
The iguana is almost dead.
The iguana bites you!
Ouch! That really hurt!
You die...

# ##...## #.#####.#
###.....###.# #.###
##.......##.# #...#
#.........#.# #.#.#
'.....>...+.#####.#.#
#.........#.......#.#
##.......######.###.#
###.....## ######.### #
##...## #..@l....# #
##+## #.####.#.#
#####.# #.###.#.<#
...##.# #.##.###.#
...##.## #.##..#..#
...#...## #.##.#.#.#
........# #.##.###.#
...#...#######........#
............#####.#####


You could see an iguana.

Vanquished Creatures
  A worm (D:2)
  A ball python (D:2)
  A bat (D:2)
  2 endoplasms (D:1)
  2 goblins (D:1)
  2 hobgoblins (D:1)
  2 quokkas (D:1)
  A frilled lizard (D:1)
  A kobold (D:1)
  4 rats
17 creatures vanquished.

Notes
Turn   | Place    | Note
-------+----------+-------------------------------------------
     0 | D:1      | pkoi the Demigod Conjurer began the quest for the Orb.
     0 | D:1      | Reached XP level 1. HP: 14/14 MP: 5/5
   240 | D:1      | You fall into a shaft and drop 1 floor!
   240 | D:2      | Noticed Terence
   708 | D:1      | Reached skill level 4 in Conjurations
   837 | D:1      | Reached XP level 2. HP: 20/20 MP: 5/7
   840 | D:1      | Learned a level 2 spell: Searing Ray
  1752 | D:2      | HP: 1/20 [iguana (4)]
  1813 | D:2      | Mangled by an iguana

Illustrated notes

Levels and vault maps discovered:
D:1:      zaba_arrival_water, layout_basic
D:2:      layout_loops_corners, nicolae_ecumenical_oubliette, grunt_decor_cap,
          uniq_terence

Skill      XL: |  1 |
---------------+----+-----
Conjurations   | 4 |  4.4
Dodging        | |  1.7
Stealth        | |  1.7
Spellcasting   | |  1.7

Action                   || total
-------------------------++-------
 Cast: Magic Dart        ||    48
       Searing Ray       ||     3
  Use: Scroll            ||     3
       Potion            ||     1
Armor: Robe              ||     5
Dodge: Dodged            ||     7
